 Dungeon Crawl Stone Soup version 0.29-a0-360-g8ed1089bbe (webtiles) character file.

Game seed: 4309486593049366280

2893 rabbitsville the Summoner (level 9, -1/45 HPs)
             Began as a Tengu Summoner on Apr 28, 2022.
             Was an Initiate of Sif Muna.
             Slain by a hornet (11 damage)
             ... on level 7 of the Dungeon.
             The game lasted 00:31:55 (8476 turns).

rabbitsville the Summoner (Tengu Summoner)          Turns: 8476, Time: 00:31:56

Health: -1/45      AC:  8    Str:  8    XL:     9   Next: 77%
Magic:  21/21      EV: 12    Int: 19    God:    Sif Muna [......]
Gold:   302        SH:  5    Dex: 15    Spells: 16/22 levels left

rFire   x . .      SeeInvis +   G - +8 spear "Hydrabane" {vorpal, rPois rC+ rCorr Dex-5}
rCold   + . .      Faith    .   (no shield)
rNeg    . . .      Spirit   .   C - +1 ring mail of the Lily {rElec rF- Dex+4 Slay+5}
rPois   +          Reflect  +   (helmet restricted)
rElec   +          Harm     .   (no cloak)
rCorr   +          Rampage  .   H - +1 pair of gloves
Will    .....                   (boots unavailable)
Stlth   +.........              u - amulet of reflection
HPRegen 0.15/turn               p - ring of see invisible
MPRegen 0.17/turn               y - ring of resist corrosion

@: on berserk cooldown, flying quickly and evasively, slowed, very slow
A: beak, talons 3, nimble flight
a: Renounce Religion


You were on level 7 of the Dungeon.
You worshipped Sif Muna.
Sif Muna was noncommittal.
You visited 2 branches of the dungeon, and saw 8 of its levels.

You collected 302 gold pieces.

Inventory:

Hand Weapons
 c - a +0 dagger
 k - a +1 dagger of protection
 G - the +8 spear "Hydrabane" (weapon) {vorpal, rPois rC+ rCorr Dex-5}
   (You found it on level 5 of the Dungeon)

   It inflicts extra damage upon your enemies.
   Dex:       It affects your dexterity (-5).
   rC:        It protects you from cold.
   rPois:     It protects you from poison.
   rCorr:     It protects you from acid and corrosion.
Armour
 a - a +0 robe
 C - the +1 ring mail of the Lily (worn) {rElec rF- Dex+4 Slay+5}
   (You found it on level 6 of the Dungeon)

   Dex:       It affects your dexterity (+4).
   Slay:      It affects your accuracy & damage with ranged weapons and melee
   (+5).
   rF:        It makes you vulnerable to fire.
   rElec:     It insulates you from electricity.
 H - a +1 pair of gloves (worn)
Jewellery
 p - a ring of see invisible (left hand)
 u - an amulet of reflection (around neck)
 y - a ring of resist corrosion (right hand)
 A - a ring of protection from cold
Wands
 w - a wand of charming (7) (quivered)
 z - a wand of paralysis (8)
 I - a wand of iceblast (8)
Scrolls
 e - 10 scrolls of identify
 f - a scroll of brand weapon {unknown}
 g - 2 scrolls of blinking {unknown}
 i - 2 scrolls of teleportation
 m - 2 scrolls of magic mapping {unknown}
 n - 2 scrolls of holy word {unknown}
 o - 2 scrolls of amnesia {unknown}
 r - 2 scrolls of fear {unknown}
 s - 2 scrolls of immolation {unknown}
 x - 3 scrolls of fog {unknown}
 F - a scroll of vulnerability {unknown}
Potions
 b - a potion of magic
 d - a potion of attraction {unknown}
 j - 7 potions of curing
 l - 2 potions of mutation {unknown}
 q - a potion of berserk rage
 t - 3 potions of flight {unknown}
 v - 2 potions of heal wounds {unknown}
 B - 2 potions of might {unknown}
 D - a potion of brilliance {unknown}
 E - a potion of resistance {unknown}
 J - 3 potions of haste {unknown}


   Skills:
 - Level 3.1 Dodging
 - Level 2.2 Stealth
 + Level 7.4 Spellcasting
 + Level 10.6 Summonings
 + Level 8.5 Air Magic


You had 16 spell levels left.
You knew the following spells:

 Your Spells              Type           Power      Damage    Failure   Level
a - Summon Small Mammal   Summ           100%       N/A       1%          1
b - Call Imp              Summ           47%        N/A       1%          2
c - Call Canine Familiar  Summ           47%        N/A       1%          3

Your spell library contained the following spells:

 Spells                   Type           Power      Damage    Failure   Level
 Summon Lightning Spire   Summ/Air       43%        N/A       6%          4
 Summon Guardian Golem    Hex/Summ       27%        N/A       10%         3
 Gell's Gravitas          Tloc           7%         N/A       65%         3
 Lesser Beckoning         Tloc           7%         N/A       65%         3
 Teleport Other           Tloc           7%         N/A       65%         3
 Tukima's Dance           Hex            7%         N/A       65%         3
 Passage of Golubria      Tloc           7%         N/A       96%         4
 Yara's Violent Unravell  Hex/Tmut       3%         3d4       100%        5


Dungeon Overview and Level Annotations

Branches:
Dungeon (7/15)             Temple (1/1) D:5

Altars:
Ashenzari
Cheibriados
Dithmenos
Elyvilon
Fedhas
Gozag
Hepliaklqana
Makhleb
Nemelex Xobeh
Okawaru
Qazlal
Ru
Sif Muna
Trog
Uskayaw
Vehumet
Wu Jian
Xom
Yredelemnul

Shops:
D:6 *   D:7 :

Annotations:
D:5 1 runed translucent door, peepeehead's ghost, novice MiFi


Innate Abilities, Weirdness & Mutations

You have a beak for a mouth.
You have claws for feet.
Your magical nature lets you fly swiftly and evasively.


Message History

You barely miss the killer bee.
The killer bee is lightly wounded.
You block the killer bee's attack.
The killer bee stings you but does no damage.
The killer bee closely misses you.
You hit the killer bee. Your peck misses the killer bee.
The killer bee is moderately wounded.
The killer bee stings you. You block the killer bee's attack.
It was a potion of berserk rage.
A red film seems to cover your vision as you go berserk!
You feel yourself moving faster!
You feel mighty! The killer bee completely misses you.
The killer bee stings you but does no damage.
You barely miss the killer bee. Your peck misses the killer bee.
The killer bee is moderately wounded.
The killer bee stings you but does no damage.
You closely miss the killer bee. Your kick misses the killer bee.
The killer bee is moderately wounded.
The killer bee stings you but does no damage. x2
You hit the killer bee. You claw the killer bee.
You kill the killer bee!
Sif Muna accepts your kill.
You impale the killer bee!!
You kill the killer bee!
Sif Muna accepts your kill.
A killer bee comes into view.
You feel a strong urge to attack something.
You feel your anger nearly subside.
You are no longer berserk.
You are exhausted.
You feel yourself slow down.
You hit the hornet. You claw the hornet! You peck the hornet, but do no damage.
The hornet is heavily wounded.
The hornet stings you!
* * * LOW HITPOINT WARNING * * *
The hornet stings you!
* * * LOW HITPOINT WARNING * * *
You feel as though you will be slow longer.
You feel better. You block the hornet's attack. The hornet barely misses you.
The hornet stings you!
You die...

#.......##.#.# #.#
#............# #.#
#......###...######.#
#......# #.....!)...#
############.###..#########
.........................
####†........>##..######.
#.###########..###### #.#
##....y@........ #.#
#...............
###.#####..###<#.######.
#................#
#.#.#####..#..#### #.#.#
#..#...# # #.# #))#o..#####
#.# #.).........
#.#####o.....#####


You could see a hornet and an orc (wandering).

Vanquished Creatures
  A two-headed ogre (D:5)
  Pikel (D:5)
  Sigmund (D:7)
  A wraith (D:6)
  An ice beast (D:7)
  A centaur (D:5)
  A lemure (D:5)
  A bullfrog (D:6)
  A necrophage (D:6)
  A scorpion (D:5)
  2 killer bees (D:7)
  A hound (D:4)
  A jelly (D:6)
  An iguana (D:7)
  An orc wizard (D:6)
  3 gnolls
  2 adders
  2 shadow imps
  A white imp (D:6)
  An ufetubus (D:7)
  A dart slug (D:5)
  8 orcs
  4 endoplasms
  3 giant cockroaches
  3 goblins (D:1)
  3 hobgoblins
  4 kobolds
  3 quokkas
  6 ball pythons
  6 bats
  A frilled lizard (D:2)
  4 rats
71 creatures vanquished.

Vanquished Creatures (collateral kills)
  A black bear (D:7)
  2 ogres
  A bullfrog (D:6)
  A necrophage (D:6)
  3 scorpions
  2 hounds (D:6)
  A gnoll shaman (D:3)
  2 iguanas (D:6)
  An orc wizard (D:6)
  3 adders
  6 gnolls
  A white imp (D:6)
  3 worms (D:2)
  3 dart slugs
  12 orcs
  2 giant cockroaches
  3 goblins
  A hobgoblin (D:1)
  4 kobolds
  2 quokkas
  A ball python (D:2)
  2 bats
  A frilled lizard (D:1)
58 creatures vanquished.

Vanquished Creatures (others)
  2 plants (D:4)
2 creatures vanquished.

Grand Total: 131 creatures vanquished

Notes
Turn   | Place    | Note
-------+----------+-------------------------------------------
     0 | D:1      | rabbitsville the Tengu Summoner began the quest for the
                  | Orb.
     0 | D:1      | Reached XP level 1. HP: 10/10 MP: 4/4
   282 | D:1      | Reached XP level 2. HP: 6/15 MP: 4/6
   512 | D:1      | Reached skill level 5 in Summonings
   656 | D:1      | Learned a level 2 spell: Call Imp
   731 | D:1      | Found a faded altar of an unknown god.
   894 | D:1      | Reached XP level 3. HP: 19/19 MP: 4/7
  1895 | D:2      | Reached XP level 4. HP: 23/24 MP: 9/9
  3442 | D:4      | Reached skill level 6 in Summonings
  3442 | D:4      | Gained mutation: Your magical nature lets you fly swiftly
                  | and evasively. [Tengu growth]
  3442 | D:4      | Reached XP level 5. HP: 19/28 MP: 5/11
  3448 | D:4      | Learned a level 3 spell: Call Canine Familiar
  3566 | D:4      | Found a shadowy altar of Dithmenos.
  3566 | D:4      | Found a sparkling altar of Nemelex Xobeh.
  3569 | D:4      | Found a hide-covered altar of Uskayaw.
  3572 | D:4      | Found a burning altar of Makhleb.
  3602 | D:4      | Noticed an ogre
  3608 | D:4      | Killed an ogre
  3824 | D:4      | Reached XP level 6. HP: 32/32 MP: 5/12
  3854 | D:4      | HP: 1/32 [gnoll/+0 halberd (14)]
  4526 | D:4      | Reached skill level 7 in Summonings
  4806 | D:3      | Reached skill level 1 in Air Magic
  5002 | D:3      | Upgraded the game from 0.29-a0-359-g541a27f54d to
                  | 0.29-a0-360-g8ed1089bbe
  5022 | D:5      | Entered Level 5 of the Dungeon
  5040 | D:5      | Found a runed translucent door.
  5045 | D:5      | Noticed peepeehead's ghost (novice MiFi)
  5046 | D:5      | Noticed Pikel
  5145 | D:5      | Noticed a two-headed ogre
  5210 | D:6      | Reached XP level 7. HP: 36/36 MP: 9/14
  5272 | D:6      | Found a blossoming altar of Fedhas.
  5825 | D:6      | Identified the +1 ring mail of the Lily {rElec rF- Dex+4
                  | Slay+5}
  6073 | D:6      | Found Qowats's General Store.
  6189 | D:6      | Reached skill level 5 in Spellcasting
  6196 | D:6      | Reached skill level 8 in Summonings
  6277 | D:5      | Reached XP level 8. HP: 38/41 MP: 12/17
  6394 | D:5      | Found a staircase to the Ecumenical Temple.
  6416 | Temple   | Entered the Ecumenical Temple
  6651 | Temple   | Became a worshipper of Sif Muna the Loreminder
  6906 | D:5      | Killed a two-headed ogre
  6907 | D:5      | Reached skill level 9 in Summonings
  7100 | D:5      | Identified the +8 spear "Hydrabane" {vorpal, rPois rC+
                  | rCorr Dex-5}
  7171 | D:5      | Killed Pikel
  7172 | D:5      | Reached XP level 9. HP: 45/45 MP: 11/20
  7409 | D:5      | Found an ornate altar of the Wu Jian Council.
  7675 | D:6      | Reached skill level 10 in Summonings
  7741 | D:6      | Noticed a cyclops
  7741 | D:6      | HP: 1/45 [cyclops/large rock (30)]
  8171 | D:7      | Found Nas Hica's Book Boutique.
  8418 | D:7      | Noticed Sigmund
  8432 | D:7      | Killed Sigmund
  8435 | D:7      | Noticed a hornet
  8476 | D:7      | Slain by a hornet

Illustrated notes

Levels and vault maps discovered:
D:1:      dpeg_arrival_round_a, layout_rooms,
          hellmonk_ecumenical_altar_lost_god, minmay_liquid_box, minivault_11,
          grunt_decor_mini_mirrors
D:2:      layout_basic, nicolae_concentric_dashed_squares_wild, kennysheep_nub,
          minmay_misc_feat_secret_circle
D:3:      layout_loops_ring, minmay_fountain_box, minivault_4
D:4:      layout_basic, grunt_temple_overflow_cloverleaf, abandoned_shop,
          fountainhead, serial_bayou_pond_d
D:5:      layout_loops_corners, nzn_wu_jian_contemplation,
          minmay_temple_entry_overgrown, ebering_ghost_sewer_d, uniq_pikel
D:6:      kennysheep_windowed_halls, layout_basic, mainiacjoe_overflow_alcove_4,
          serial_shops, shop
D:7:      layout_basic, lemuel_crystal_altar, mainiacjoe_overflow_chevrons,
          serial_shops, nicolae_square_shop, sigmund_army
Temple:   oiseaux_autumnal_temple

Skill      XL: |  1  2  3  4  5  6  7  8  9 |
---------------+----------------------------+-----
Summonings     | 5 6 7 8 9 10 | 10.6
Spellcasting   | 3 4 5 6 7 |  7.4
Dodging        | 3 |  3.1
Air Magic      | 2 4 7 8 |  8.5
Stealth        | |  2.2

Action                   |  1- 3 |  4- 6 |  7- 9 || total
-------------------------+-------+-------+-------++-------
Melee: Dagger            |    46 |    88 |    26 ||   160
       Kick              |     9 |    33 |    17 ||    59
       Unarmed           |     2 |       |       ||     2
       Peck              |     7 |    15 |    14 ||    36
       Punch             |       |     2 |       ||     2
       Spear             |       |       |    57 ||    57
 Cast: Summon Small Mamm |    14 |    25 |    12 ||    51
       Call Imp          |     9 |    11 |     9 ||    29
       Call Canine Famil |       |    12 |    19 ||    31
Evoke: Wand              |       |       |     4 ||     4
  Use: Scroll            |       |       |     3 ||     3
       Potion            |       |       |     3 ||     3
 Stab: Sleeping          |     6 |     2 |     1 ||     9
       Distracted        |       |     2 |     1 ||     3
Armor: Robe              |     7 |    11 |     1 ||    19
       Ring mail         |       |       |    15 ||    15
Dodge: Dodged            |    35 |    50 |    39 ||   124
Block: Other             |       |    10 |    17 ||    27
       Reflection        |       |     1 |     2 ||     3

Table legend: (Time is in decaauts)
 A = Elapsed time spent in this place.
 B = Non-inter-level travel time spent in this place.
 C = Inter-level travel time spent in this place.
 D = Time resting spent in this place.
 E = Time spent auto-exploring this place.
 F = Levels seen in this place.
 G = Mean time per level.
                   A        B        C        D        E       F      G
               +--------+--------+--------+--------+--------+-----+--------+
         Total |   8159 |   7873 |    286 |    198 |   5885 |   8 | 1019.9 |
       Dungeon |   7929 |   7680 |    249 |    198 |   5706 |   7 | 1132.7 |
        Temple |    229 |    193 |     36 |      0 |    179 |   1 |  229.0 |
               +--------+--------+--------+--------+--------+-----+--------+

Top non-repeatable levels by time:
     D:2: 1632 daAuts
     D:6: 1364 daAuts
     D:4: 1267 daAuts
     D:1: 1110 daAuts
     D:5: 1074 daAuts
     D:3: 1000 daAuts
     D:7: 480 daAuts
  Temple: 229 daAuts
